 Dungeon Crawl Stone Soup version 0.30-a0-711-gf4ac18a38d (webtiles) character file.

Game seed: 10313264994428428776

303 zinnoa the Magician (level 6, -7/40 HPs)
             Began as a Djinni Fire Elementalist on Jan 23, 2023.
             Killed by an exploding Crazy Yiuf (9 damage)
             ... ignited by their inner flame
             ... on level 2 of the Dungeon.
             The game lasted 00:10:55 (2334 turns).

zinnoa the Magician (Djinni Fire Elementalist)      Turns: 2334, Time: 00:10:56

Health: -7/40      AC:  2    Str:  7    XL:     6   Next: 65%
Gold:   98         EV: 13    Int: 19    God:
                   SH:  0    Dex: 13

rFire   + + +      SeeInvis .    j - +1 hammer "Sunes" {heavy, rF+}
rCold   x . .      Faith    .    (no shield)
rNeg    . . .      Spirit   .    a - +0 robe
rPois   ∞          Reflect  .    (no helmet)
rElec   .          Harm     .    (no cloak)
rCorr   .          Rampage  .    (no gloves)
Will    .....                    (boots unavailable)
Stlth   ++                       (no amulet)
HPRegen 0.26/turn                (no ring)
MPRegen 0.00/turn                (no ring)

@: flying
A: sickness immunity, fire resistance 2, cold vulnerability 1, float, innate
caster, HP casting, extra vitality 1
a: no special abilities


You were on level 2 of the Dungeon.
You visited 1 branch of the dungeon, and saw 2 of its levels.

You collected 98 gold pieces.

Inventory:

Hand Weapons
 c - a +0 spear
 j - the +1 hammer "Sunes" (weapon) {heavy, rF+}
   (You found it on level 2 of the Dungeon)

   rF:        It protects you from fire.
Armour
 a - a +0 robe (worn)
Scrolls
 e - 2 scrolls of identify {unknown}
 g - 2 scrolls of enchant weapon {unknown}
 k - a scroll of vulnerability {unknown}
Potions
 b - a potion of magic
 d - 2 potions of attraction {unknown}
 f - 4 potions of curing {unknown}
 h - 4 potions of heal wounds {unknown}
 i - 2 potions of might {unknown}
 l - a potion of flight {unknown}


   Skills:
 * Level 3.5 Dodging
 - Level 1.6 Stealth
 + Level 4.9 Spellcasting


You couldn't memorise any spells.
You knew the following spells:

 Your Spells              Type           Power      Damage    Failure   Level
a - Foxfire               Conj/Fire      92%        2x1d8     1%          1
b - Scorch                Fire           46%        2d7       2%          2
c - Kindle Blastsparks    Fire/Tloc/Air  46%        2d13      4%          3
d - Inner Flame           Hex/Fire       23%        N/A       4%          3
e - Flame Wave            Conj/Fire      23%        2d8       16%         4
f - Beastly Appendage     Tmut           46%        N/A       1%          1
g - Static Discharge      Conj/Air       46%        2-4/arc   2%          2
Your spell library was empty.

Dungeon Overview and Level Annotations

Branches:
Dungeon (2/15)

Altars:


Innate Abilities, Weirdness & Mutations

You are immune to sickness and miasma.
You are immune to poison.
Your flesh is very heat resistant. (rF++)
You are vulnerable to cold. (rC-)
You float through the air rather than walking.
You learn spells naturally, not from books.
Your magical power is your life essence.
You have superior vitality. (+4 MHP)


Message History

You reach down and open the door.
Casting: Foxfire (safe; 1% risk of failure)
Confirm with . or Enter, or press ? or * to list all spells.
Aiming: Inner Flame (dangerous; 4% risk of failure)
Press: ? - help, Dir - move target, f - Crazy Yiuf
Aim: Crazy Yiuf, wielding a +2 quarterstaff of chaos and wearing a +0 cloak (chance to affect: 84%) Crazy Yiuf is filled with an inner flame.
Crazy Yiuf grits, "Ghoul!
Pitchfork shoe poople."
Crazy Yiuf closely misses you.
Casting: Inner Flame (dangerous; 4% risk of failure)
Confirm with . or Enter, or press ? or * to list all spells.
You conjure some foxfire!
Crazy Yiuf barely misses you.
Your foxfire dissipates!
Crazy Yiuf attacks as you move away!
Crazy Yiuf hits you with a +2 quarterstaff of chaos!
Crazy Yiuf freezes you.
You see here a +0 hammer.
Casting: Foxfire (safe; 1% risk of failure)
Confirm with . or Enter, or press ? or * to list all spells.
You conjure some foxfire!
Crazy Yiuf barely misses you.
Your foxfire dissipates!
Casting: Foxfire (safe; 1% risk of failure)
Confirm with . or Enter, or press ? or * to list all spells.
You conjure some foxfire!
Crazy Yiuf hits you with a +2 quarterstaff of chaos!
* * * LOW HITPOINT WARNING * * *
Crazy Yiuf burns you.
* * * LOW HITPOINT WARNING * * *
Your foxfire dissipates!
You see here a +0 hammer.
Casting: Foxfire (safe; 1% risk of failure)
Confirm with . or Enter, or press ? or * to list all spells.
Flames lash Crazy Yiuf.
Flame seeps out of Crazy Yiuf.
Crazy Yiuf is heavily wounded.
Crazy Yiuf's fire resistance burns away.
* * * LOW HITPOINT WARNING * * *
Crazy Yiuf is engulfed in blazing flames.
Crazy Yiuf explodes!
The fiery explosion engulfs you! You resist.
You die...

######...#.####..:#
##...##.#....########
#.......#.....#.....#
#....###.<......###.#
#+..'# ##.....### #.#
########## #.PP.#
##...^#### ###
......(..# ##.P)#
#.#....>.# ##########
##)## ##.#.###.# #
###### ##@# ##..#
#.#♣♣♣♣ # #....# #○##
#.## #.'...# # #....#
##§# #.# ###♣♣♣♣
#####..#.# #)## #)#
#......### #'#
#.####### #.####.#
))) #.......# #.#
#.### #)))#
############ #.#
#...# #).)# ####
#.... #.# #.### #####
#..# #.###


There were no monsters in sight!

Vanquished Creatures
  Sigmund (D:2)
  Crazy Yiuf (D:2)
  Natasha (thrice) (D:2)
  3 adders (D:2)
  2 worms (D:2)
  3 bats
  3 endoplasms
  2 goblins
  A hobgoblin (D:1)
  4 jackals (D:1)
  4 ball pythons
  3 frilled lizards
  5 rats
35 creatures vanquished.

Vanquished Creatures (others)
  68 foxfires
  A fungus (D:2)
69 creatures vanquished.

Grand Total: 104 creatures vanquished

Notes
Turn   | Place    | Note
-------+----------+-------------------------------------------
     0 | D:1      | zinnoa the Djinni Fire Elementalist began the quest for the
                  | Orb.
     0 | D:1      | zinnoa set off with the following spells memorised:
                  | Foxfire, Scorch, Kindle Blastsparks, Inner Flame, Flame
                  | Wave.
     0 | D:1      | Reached XP level 1. HP: 15/15 MP: 0/0
   326 | D:1      | Reached XP level 2. HP: 17/21 MP: 0/0
   723 | D:1      | Reached skill level 3 in Spellcasting
  1228 | D:2      | Found a runed translucent door.
  1229 | D:2      | Identified the +1 hammer "Sunes" {heavy, rF+}
  1229 | D:2      | Noticed Crazy Yiuf
  1321 | D:2      | Reached XP level 3. HP: 25/25 MP: 0/0
  1321 | D:2      | Learned a level 1 spell: Beastly Appendage
  1513 | D:2      | Noticed Sigmund
  1519 | D:2      | Killed Sigmund
  1520 | D:2      | Reached skill level 4 in Spellcasting
  1520 | D:2      | Reached XP level 4. HP: 23/31 MP: 0/0
  1520 | D:2      | Reached XP level 5. HP: 26/35 MP: 0/0
  1520 | D:2      | Learned a level 2 spell: Static Discharge
  1520 | D:2      | Reached XP level 6. HP: 30/40 MP: 0/0
  1619 | D:2      | Noticed Natasha
  1632 | D:2      | Killed Natasha
  1957 | D:2      | Noticed Natasha
  1960 | D:2      | Killed Natasha
  2041 | D:2      | Noticed Natasha
  2044 | D:2      | Killed Natasha
  2334 | D:2      | Killed Crazy Yiuf
  2334 | D:2      | Killed by an exploding Crazy Yiuf... ignited by their inner
                  | flame

Illustrated notes

Levels and vault maps discovered:
D:1:      dpeg_chamrin_arrival_tetris, layout_basic
D:2:      layout_loops_ring, kennysheep_flooded_box, glass_columns_a,
          uniq_crazy_yiuf_cottage, uniq_natasha, uniq_sigmund

Skill      XL: |  1  2  3 |
---------------+----------+-----
Spellcasting   | 3 4 |  4.9
Dodging        | 3 |  3.5
Stealth        | |  1.6

Action                     |  1- 3 |  4- 6 || total
---------------------------+-------+-------++-------
  Melee: Spear             |     3 |       ||     3
   Cast: Foxfire           |    34 |    15 ||    49
         Scorch            |    16 |     1 ||    17
         Inner Flame       |     1 |    13 ||    14
 Armour: Robe              |     4 |       ||     4
  Dodge: Dodged            |     4 |     6 ||    10

Table legend: (Time is in decaauts)
 A = Elapsed time spent in this place.
 B = Non-inter-level travel time spent in this place.
 C = Inter-level travel time spent in this place.
 D = Time resting spent in this place.
 E = Time spent auto-exploring this place.
 F = Levels seen in this place.
 G = Mean time per level.
                   A        B        C        D        E       F      G
               +--------+--------+--------+--------+--------+-----+--------+
         Total |   2333 |   2249 |     84 |    444 |   1444 |   2 | 1166.5 |
       Dungeon |   2333 |   2249 |     84 |    444 |   1444 |   2 | 1166.5 |
               +--------+--------+--------+--------+--------+-----+--------+

Top non-repeatable levels by time:
     D:1: 1192 daAuts
     D:2: 1140 daAuts
